AoeStats
← Zumoshi

Marketplace

507003041Analyzed
1v1 RM · 18d ago on Sep 16, 2026· 26m 47s· 2 players
Game mode
Random Map
Map size
Tiny (2 player)
Population
200
Speed
Normal
Resources
Standard
Victory
Conquest
Starting age
Dark Age
Ending age
Imperial Age
RankedLock teamsTeams togetherTeam positionsShared explorationLock speedFull tech treeHidden civsTurbo modeCheats
Victory
Defeat
🇩🇪 Japanese · Germany
1133
+16
🇮🇱 Bulgarians · Israel
1132
-16
Zumoshi
11:28 Feudal Age
14:02 Scale Mail Armor
14:14 Forging
20:14 Horse Collar
23:46 Castle Age
21:34 Loom
22:27 Double-Bit Axe
24:55 Chain Mail Armor
25:05 Gambesons
25:21 Squires
26:02 Iron Casting
timme.vogts
7:05 Loom
9:28 Feudal Age
10:15 Double-Bit Axe
10:10 Man-at-Arms
17:22 Forging
17:04 Arson
22:33 Castle Age
20:54 Horse Collar
21:36 Scale Mail Armor
22:36 Long Swordsman
24:02 Iron Casting
25:21 Squires
26:32 Gambesons
Connection lost

Rejoining the realm…

Still unreachable

The connection could not be restored.

Session expired

The server has moved on; the page needs a fresh start.